 Dungeon Crawl Stone Soup version 0.30-a0-54-g2e61a25929 (webtiles) character file.

Game seed: 314163930031810314

151345 ytrimaz the Warrior (level 17, -9/149 HPs)
             Began as a Demonspawn Gladiator on Sept 7, 2022.
             Was an Initiate of Gozag.
             Mangled by an alligator (26 damage)
             ... called by a spriggan druid
             ... on level 4 of the Swamp.
             The game lasted 00:45:57 (25958 turns).

ytrimaz the Warrior (Demonspawn Gladiator)         Turns: 25958, Time: 00:45:58

Health: -9/149     AC: 26    Str: 24    XL:     17   Next: 0%
Magic:  17/17      EV: 13    Int: 16    God:    Gozag
Gold:   2334       SH: 11    Dex: 15    Spells: 16/16 levels left

rFire   + . .      SeeInvis +    C - +10 hand axe "Saumesut" {flame, rC+ Str+3 SInv}
rCold   + + +      Faith    .    H - +0 kite shield {rF+}
rNeg    . . .      Spirit   .    K - quicksilver dragon scales
rPois   +          Reflect  .    (helmet unavailable)
rElec   +          Harm     .    x - +0 cloak {rCorr}
rCorr   +          Rampage  .    J - +0 pair of gloves of Pisorayc {rElec Int+5}
Will    +++..                    (no boots)
Stlth   +.........               i - amulet of regeneration
HPRegen 1.14/turn                r - ring of poison resistance
MPRegen 0.15/turn                N - +4 ring of protection

@: about to teleport, gold aura, very slow
A: antennae 3, icy blue scales 3, demonic guardian 3, powered by pain 2, demonic
willpower, claws 1, cold resistance 1
a: Renounce Religion, Potion Petition, Call Merchant, Bribe Branch


You were on level 4 of the Swamp.
You worshipped Gozag.
Gozag was most pleased with you.
You visited 5 branches of the dungeon, and saw 27 of its levels.
You also visited: Bailey and Gauntlet.

You collected 10817 gold pieces.
You spent 1470 gold pieces at shops.
You paid 7013 gold pieces to Gozag.


Innate Abilities, Weirdness & Mutations

You have a pair of large antennae on your head. (SInv)
You are completely covered in icy blue scales. (AC +4, rC+)
A powerful demonic guardian rushes to your aid.
You sometimes gain power by taking damage.
You punish those that try to bend your will. (Will+)
You have sharp fingernails.
Your flesh is cold resistant. (rC+)


   Skills:
 - Level 18.0 Fighting
 - Level 14.0 Axes
 - Level 1.7 Throwing
 - Level 16.0 Armour
 + Level 6.5 Dodging
 - Level 10.0 Shields


You had 16 spell levels left.
You didn't know any spells.
Your spell library contained the following spells:

 Spells                   Type           Power      Damage    Failure   Level
 Foxfire                  Conj/Fire      0%         2x1d4     58%         1
 Sandblast                Erth           0%         2d4       58%         1
 Ensorcelled Hibernation  Hex/Ice        0%         N/A       75%         2
 Call Canine Familiar     Summ           0%         N/A       92%         3
 Conjure Flame            Conj/Fire      0%         6-21      92%         3
 Dazzling Flash           Conj/Hex       0%         N/A       92%         3
 Ignite Poison            Fire/Tmut/Pois 0%         N/A       92%         3
 Inner Flame              Hex/Fire       0%         N/A       92%         3
 Mephitic Cloud           Conj/Pois/Air  0%         N/A       92%         3
 Ozocubu's Armour         Ice            0%         N/A       92%         3
 Portal Projectile        Hex/Tloc       0%         N/A       92%         3
 Spider Form              Tmut/Pois      0%         N/A       92%         3
 Stone Arrow              Conj/Erth      0%         3d7       92%         3
 Anguish                  Hex/Necr       0%         N/A       100%        4
 Animate Armour           Summ/Erth      0%         N/A       100%        4
 Flame Wave               Conj/Fire      0%         2d4       100%        4
 Iskenderun's Mystic Bla  Conj/Tloc      0%         2d3       100%        4
 Leda's Liquefaction      Hex/Erth       0%         N/A       100%        4
 Petrify                  Tmut/Erth      0%         N/A       100%        4
 Agony                    Necr           0%         N/A       100%        5
 Borgnjor's Vile Clutch   Necr/Erth      0%         N/A       100%        5
 Freezing Cloud           Conj/Ice/Air   0%         6-21      100%        5
 Lee's Rapid Deconstruct  Erth           0%         3d5*      100%        5
 Metabolic Englaciation   Hex/Ice        0%         N/A       100%        5
 Silence                  Hex/Air        0%         N/A       100%        5
 Summon Forest            Summ/Tloc      0%         N/A       100%        5
 Summon Mana Viper        Hex/Summ       0%         N/A       100%        5
 Starburst                Conj/Fire      0%         6d3       100%        6
 Statue Form              Tmut/Erth      0%         N/A       100%        6
 Summon Cactus Giant      Summ           0%         N/A       100%        6
 Simulacrum               Ice/Necr       Unusable   N/A       N/A         6

Inventory:

Hand Weapons
 a - a +1 war axe of protection
 u - a +2 war axe of flaming
   (You bought it in a shop on level 6 of the Dungeon)
 z - a +0 battleaxe of electrocution
   (You found it on level 2 of the Orcish Mines)
 C - the +10 hand axe "Saumesut" (weapon) {flame, rC+ Str+3 SInv}
   (You found it on level 7 of the Dungeon)

   It burns those it strikes, dealing additional fire damage.
   Big, fiery blades are also staple armaments of hydra-hunters.
   Str:       It affects your strength (+3).
   rC:        It protects you from cold.
   SInv:      It lets you see invisible.
 D - a +0 hand axe of draining
   (You took it off an orc on level 7 of the Dungeon)
Missiles
 d - 7 throwing nets
 e - 9 javelins
Armour
 l - a +0 pair of gloves
   (You found it on level 3 of the Dungeon)
 x - a +0 cloak of preservation (worn)
   (You took it off Maurice on level 13 of the Dungeon)
 H - a +0 kite shield of fire resistance (worn)
   (You bought it in a shop on level 2 of the Orcish Mines)
 J - the +0 pair of gloves of Pisorayc (worn) {rElec Int+5}
   (You acquired it on level 2 of the Swamp)

   Int:       It affects your intelligence (+5).
   rElec:     It insulates you from electricity.
 K - quicksilver dragon scales (worn)
   (You bought it in a shop on level 8 of the Dungeon)
Jewellery
 i - an amulet of regeneration (around neck)
   (You found it on level 1 of the Dungeon)
 r - a ring of poison resistance (left hand)
   (You found it on level 6 of the Dungeon)
 I - a ring of resist corrosion
   (You found it on level 9 of the Dungeon)
 N - a +4 ring of protection (right hand)
   (You found it on level 10 of the Dungeon)
 O - a ring of willpower
   (You found it on level 2 of the Swamp)
 S - a ring of protection from fire
   (You took it off a minotaur in a Gauntlet)
 T - the ring of Kausog {EV+4 Dex+3}
   (You found it in a Gauntlet)

   [ring of evasion]

   EV:        It affects your evasion (+4).
   Dex:       It affects your dexterity (+3).
 U - a ring of flight
   (You found it in a Gauntlet)
 Z - a ring of protection from fire
   (You found it on level 4 of the Lair of Beasts)
Wands
 t - a wand of flame (54)
   (You found it on level 6 of the Dungeon)
 w - a wand of polymorph (9) (quivered)
   (You found it on level 8 of the Dungeon)
 y - a wand of paralysis (24)
   (You took it off Maggie on level 6 of the Dungeon)
 F - a wand of quicksilver (8)
   (You found it on level 15 of the Dungeon)
 G - a wand of roots (21)
   (You found it on level 7 of the Dungeon)
 P - a wand of mindburst (18)
   (You found it on level 1 of the Lair of Beasts)
Scrolls
 f - a scroll of blinking
 j - 4 scrolls of noise
 n - 4 scrolls of fear
 o - 5 scrolls of enchant weapon
 p - 4 scrolls of enchant armour
 v - 2 scrolls of poison
 M - 3 scrolls of amnesia
 R - a scroll of teleportation
 W - a scroll of butterflies
 Y - 2 scrolls of magic mapping
Potions
 b - a potion of haste
 c - 5 potions of flight
 g - 8 potions of curing
 h - 5 potions of invisibility
 k - 9 potions of magic
 q - 4 potions of cancellation
 s - 9 potions of mutation
 A - 2 potions of resistance
 B - 2 potions of ambrosia
 E - 6 potions of lignification
 Q - 3 potions of attraction
 X - 4 potions of brilliance

Dungeon Overview and Level Annotations

Branches:
Dungeon (15/15) Zot: 24664  Temple (1/1) D:4 Zot: 5777    Lair (5/5) D:9 Zot: 24738
  Swamp (4/4) Lair:2 Zot: 20413   Snake (0/4) Lair:2        Slime (0/5) Lair:5
    Orc (2/2) D:9 Zot: 10341     Elf (0/3) Orc:2        Vaults (0/5) D:14
 Depths (0/4) D:15         Bailey (visited)         Gauntlet (visited)

Altars:
Ashenzari
Cheibriados
Dithmenos
Fedhas
Gozag
Hepliaklqana
Kikubaaqudgha
Makhleb
Nemelex Xobeh
Okawaru
Qazlal
Ru
Sif Muna
Trog
Uskayaw
Vehumet
Wu Jian
Xom
Yredelemnul

Shops:
D:6 (   D:8 [   D:9 ([   D:15 *   Orc:2 [(**=?=

Annotations:
D:5 1 runed translucent door, Crazy Yiuf
D:7 2 transporters, scionoferis's ghost, novice NaWr
D:8 1 runed translucent door, Daxter95's ghost, novice MiBe
Lair:4 1 runed translucent door, Kugou's ghost, journeyman DsFi

~..........♣♣♣§.~...~~~~..
~~~~~.~.♣♣~~~~~~~~~[.~~~~.
♣~~~~.~.♣♣♣♣.§~~~~~..~~~~~
#♣..~~.~♣ ♣~~~.~~~...~§.~
#♣.~~.♣♣ ♣♣...{.~~.~♣♣♣.
#~~♣♣♣ ♣♣.§♣♣.D.~~..~ #♣.♣
♣♣♣♣♣♣♣~♣~~§~~~ { ♣.♣
♣...♣♣~~~§~~~~. ~~
♣~~♣@D~~§~~~..
♣♣~~tD$~~~~~D..
♣~~~$2$~~~~~.♣♣
♣.§~~~....~.♣♣
♣§~~§~.~♣♣~♣♣ ♣~~~~~~~♣ .♣
...~~~~~.~ ♣ ~~§~§~~~~.~♣
~~~~~.~~~.♣♣


You could see an alligator (strong, swift, ally target), a six-headed hydra, 3
swamp dragons and a friendly hell beast (summoned).


Message History

The alligator seems to grow more fierce.
You kill the spriggan druid!
You hear a splash. x2
You slice one of the three-headed hydra's heads off!
The flame cauterises the wound!
You slash the two-headed hydra! You burn the two-headed hydra.
The two-headed hydra bites you.
* * * LOW HITPOINT WARNING * * *
The two-headed hydra barely misses you. The swamp dragon closely misses you.
The swamp dragon claws you but does no damage.
The swamp dragon tramples you but does no damage.
You block the swamp dragon's attack. x2
The swamp dragon tramples you but does no damage.
A swamp dragon comes into view. 😨 HP[-3]
You take 3 damage, and now have 57/143 hp.
Your unstable footing causes you to fumble your attack.
You block the two-headed hydra's attack. x2 😨 HP[+1] Unknown command.
You hit the swamp dragon but do no damage. x2
You slice one of the two-headed hydra's heads off!
The flame cauterises the wound!
You slash the one-headed hydra! You burn the one-headed hydra.
The swamp dragon bites you!
* * * LOW HITPOINT WARNING * * *
You block the swamp dragon's attack. The swamp dragon tramples you.
* * * LOW HITPOINT WARNING * * *
You hold your ground!
The swamp dragon misses you.
You block the swamp dragon's attack. x2 😨 HP[-16]
You take 16 damage, and now have 42/143 hp.
Your unstable footing causes you to fumble your attack.
The alligator is no longer distracted by gold.
A six-headed hydra comes into view.
You block the one-headed hydra's attack.
You block the swamp dragon's attack. The swamp dragon closely misses you. x2
The swamp dragon barely misses you. The swamp dragon closely misses you.
The swamp dragon tramples you but does no damage.
The alligator is distracted by your dazzling golden aura. 😨 HP[+1] Unknown command.
The six-headed hydra roars!
You hit the swamp dragon but do no damage.
You hack the one-headed hydra's last head off!
You kill the one-headed hydra!
You hit the swamp dragon. You burn the swamp dragon.
The six-headed hydra is distracted by your dazzling golden aura.
You have reached level 17!
Your demonic ancestry asserts itself...
Your guardian grows in power. 😨 HP[+2] MP[+1]
You now have 149 max hp (+6).
You regained 2 hp, and now have 45/149 hp.
Your mp is fully restored (17).
Your unstable footing causes you to fumble your attack.
The swamp dragon is distracted by your dazzling golden aura.
The swamp dragon bites you but does no damage.
The swamp dragon claws you!
* * * LOW HITPOINT WARNING * * *
You block the swamp dragon's attack.
The swamp dragon roars deafeningly! 😱 HP[-9]
You take 9 damage, and now have 36/149 hp.
Unknown command.
Unknown command.
As you read the scroll of teleportation, it crumbles to dust.
You feel strangely unstable.
The swamp dragon is no longer distracted by gold.
The alligator is no longer distracted by gold.
You block the swamp dragon's attack.
The swamp dragon claws you but does no damage.
The swamp dragon barely misses you. You block the swamp dragon's attack.
The swamp dragon claws you!
* * * LOW HITPOINT WARNING * * *
A demonic guardian appears!
The swamp dragon misses you. The alligator bites you.
* * * LOW HITPOINT WARNING * * *
The alligator tail-slaps you!
* * * LOW HITPOINT WARNING * * *
😱 HP[-21]
You take 21 damage, and now have 15/149 hp.
Unknown command.
Your unstable footing causes you to fumble your attack.
The swamp dragon closely misses you.
The swamp dragon claws you but does no damage.
The swamp dragon misses you.
The alligator is distracted by your dazzling golden aura.
The swamp dragon is distracted by your dazzling golden aura.
The swamp dragon misses you. You block the swamp dragon's attack.
The swamp dragon tramples you but does no damage.
Your hell beast bites the alligator!
The alligator is no longer distracted by gold.
Your hell beast completely misses the alligator. 😱 HP[+1] Unknown command.
The swamp dragon roars deafeningly!
You slash the swamp dragon! You burn the swamp dragon.
You slash the swamp dragon! You burn the swamp dragon.
You barely miss the alligator. The alligator bites you!!
You die...
Your body crumbles into a pile of gold.

Skill      XL: |  1  2  3  4  5  6  7  8  9 10 11 12 13 14 15 16 |
---------------+-------------------------------------------------+-----
Axes           | 3 4 5 6 8 9 12 14 | 14.0
Fighting       | 3 4 5 6 8 10 12 14 16 17 18 | 18.0
Shields        | 2 4 8 10 | 10.0
Armour         | 6 9 12 14 16 | 16.0
Dodging        | 6 |  6.5
Throwing       | |  1.7

Action                   |  1- 3 |  4- 6 |  7- 9 | 10-12 | 13-15 | 16-18 || total
-------------------------+-------+-------+-------+-------+-------+-------++-------
Melee: War axe           |   110 |   115 |   266 |       |    72 |       ||   563
       Punch             |       |     1 |     8 |       |       |       ||     9
       Hand axe          |       |       |    42 |   495 |  1351 |   548 ||  2436
Throw: Javelin           |     1 |       |       |       |       |       ||     1
Invok: Call Merchant     |       |       |     1 |       |     3 |       ||     4
       Potion Petition   |       |       |       |     2 |     5 |     2 ||     9
Evoke: Wand              |       |       |       |       |     7 |       ||     7
  Use: Scroll            |     6 |     3 |    10 |     4 |     5 |     5 ||    33
       Potion            |     1 |     5 |     4 |    13 |    14 |     7 ||    44
 Stab: Sleeping          |     1 |       |       |     4 |       |       ||     5
       Distracted        |       |     1 |     2 |     3 |    14 |     3 ||    23
       Invisible         |       |       |     1 |    12 |       |     9 ||    22
       Confused          |       |       |       |       |       |     1 ||     1
Armor: Leather armour    |    41 |    75 |   111 |       |       |       ||   227
       Steam dragon scal |       |       |    57 |    32 |       |       ||    89
       Quicksilver drago |       |       |       |   106 |   552 |   278 ||   936
       Skin              |       |       |       |       |     5 |     9 ||    14
Dodge: Dodged            |    75 |   106 |   219 |   209 |   509 |   220 ||  1338
Block: Buckler           |       |       |     5 |    89 |   140 |       ||   234
       Kite shield       |       |       |       |       |   239 |   282 ||   521

Levels and vault maps discovered:
D:1:      roderic_chinese_lattice_arrival, layout_loops_ring,
          serial_bayou_pond_c, roderic_lattice_a, minmay_heptomino_w4
D:2:      layout_basic, basic_altar, serial_co_window_serial, co_window_paths_a,
          co_window_paths_a, co_window_corner_a, co_window_corner_a,
          co_window_corner_a, co_window_paths_c, co_window_2corner,
          co_window_broadway_b, co_window_4corner_a, co_window_paths_e,
          glass_columns_c, grunt_ministairs_15
D:3:      layout_loops_cross, general_overflow_altar, uniq_natasha
D:4:      layout_cave_pools, minmay_temple_entry_wispy
D:5:      layout_loops_ring, lemuel_round_altar, uniq_crazy_yiuf_cottage,
          uniq_duvessa
D:6:      layout_rooms, uniq_pikel, uniq_maggie
D:7:      layout_basic, gammafunk_ghost_abyssal_escape, nicolae_grassy_gnolls
D:8:      layout_rooms, serial_shops, nicolae_shop_waterfront,
          hellmonk_ghost_big_iron, uniq_gastronok, uniq_prince_ribbit1
D:9:      layout_small_grid, lair_entry_dummy, orc_david_3, enter_bailey_8
D:10:     layout_cave_pools, uniq_grum, uniq_erolcha, uniq_snorg
D:11:     layout_loops_ring, nicolae_fountain_basement
D:12:     layout_roguey [special_room_orc], serial_corexii_hall,
          corexii_hall_statues_t, corexii_hall_statues_t,
          corexii_hall_statues_i, uniq_frances, uniq_rupert, uniq_azrael
D:13:     layout_loops_corners, uniq_lodul, uniq_maurice
D:14:     layout_loops_ring, erik_vaults_2, roderic_lattice_octagonal_star
D:15:     hangedman_depths_entry_civil_slaughter, layout_cave_pools,
          serial_shops, nicolae_shop_statue_plus, vehumet_crystals,
          lightli_corner_chamber
Temple:   nicolae_temple_bog_church
Lair:1:   layout_big_grid, serial_bayou_pond_c, wad_woods_01,
          lemuel_fruit_fields
Lair:2:   layout_big_grid, minmay_swamp_entry_worms,
          guppyfry_snake_entry_garden, st_stairs_5,
          chequers_serial_rivers_micro_e, kennysheep_rathole,
          infiniplex_staircase_pool
Lair:3:   beast_lair_carwin_large_2, layout_cave_shapes, enter_volcano_3,
          gauntlet_entry_generic, uniq_urug, uniq_nergalle
Lair:4:   layout_cave_pods, ebering_ghost_inner_flame, minmay_shattered_shrine
Lair:5:   hangedman_lair_in_review, layout_cave_pods, guppyfry_lair_end_dragon,
          slime_entry_1
Swamp:1:  layout_basic_swamp, nicolae_swamp_feature_on_the_river_bank
Swamp:2:  layout_basic_swamp, evilmike_swamp_ruin_house_6, swamp_pool2,
          infiniplex_staircase_pool_2, uniq_roxanne
Swamp:3:  layout_falls_marsh, evilmike_swamp_ruin_house_3
Swamp:4:  swamp, layout_basic_swamp, swamp_pool2
Orc:1:    layout_caves, kennysheep_orc_chapel
Orc:2:    grunt_orc_gardens, layout_caves, grunt_orc_garden, grunt_orc_garden,
          grunt_orc_garden, grunt_orc_garden

Notes
Turn   | Place    | Note
-------+----------+-------------------------------------------
     0 | D:1      | ytrimaz the Demonspawn Gladiator began the quest for the
                  | Orb.
     0 | D:1      | Reached XP level 1. HP: 16/16 MP: 1/1
     0 | D:1      | magus.rc [v1.9.6]
    86 | D:1      | HP: 4/16 [quokka (2)]
   627 | D:1      | Reached skill level 3 in Axes
   633 | D:1      | Gained mutation: You have a pair of small antennae on your
                  | head. [demonic ancestry]
   633 | D:1      | Reached XP level 2. HP: 23/23 MP: 2/2
   672 | D:1      | HP: 5/23 [poisoned by a goblin]
   675 | D:1      | HP: 2/23 [poisoned by a goblin]
  1133 | D:1      | You pick up a book of Sloth and begin reading...
  1133 | D:1      | You add the spells Petrify, Metabolic Englaciation and
                  | Statue Form to your library.
  1490 | D:1      | Gained mutation: You are partially covered in icy blue
                  | scales. (AC +2) [demonic ancestry]
  1490 | D:1      | Reached XP level 3. HP: 22/28 MP: 3/3
  1866 | D:2      | Reached skill level 3 in Fighting
  1918 | D:2      | Found a basalt altar of Yredelemnul.
  2815 | D:3      | Gained mutation: You have a pair of antennae on your head.
                  | [demonic ancestry]
  2815 | D:3      | Reached XP level 4. HP: 32/35 MP: 4/4
  2864 | D:3      | Reached skill level 4 in Axes
  3107 | D:3      | Reached XP level 5. HP: 32/42 MP: 5/5
  3110 | D:3      | Reached skill level 4 in Fighting
  3212 | D:3      | Found an iron altar of Okawaru.
  3327 | D:3      | Noticed Natasha
  3334 | D:3      | Killed Natasha
  3483 | D:4      | Noticed an ogre
  3486 | D:4      | Reached XP level 6. HP: 45/49 MP: 6/6
  3497 | D:3      | Gained mutation: You sometimes lose your temper in combat.
                  | [potion of mutation]
  3512 | D:3      | HP: 12/50 [ogre/+0 giant spiked club (18)]
  3516 | D:3      | Reached skill level 5 in Fighting
  3516 | D:3      | Reached skill level 5 in Axes
  3733 | D:4      | Gained mutation: A weak demonic guardian rushes to your
                  | aid. [demonic ancestry]
  3733 | D:4      | Reached XP level 7. HP: 35/57 MP: 7/7
  3871 | D:4      | Reached skill level 6 in Fighting
  3884 | D:4      | Reached skill level 6 in Axes
  3884 | D:4      | Found a staircase to the Ecumenical Temple.
  3925 | Temple   | Entered the Ecumenical Temple
  4131 | Temple   | Became a worshipper of Gozag Ym Sagoz the Greedy
  4298 | D:4      | Lost mutation: You sometimes lose your temper in combat.
                  | [potion of mutation]
  4298 | D:4      | Gained mutation: Your body sometimes deteriorates upon
                  | taking damage. [potion of mutation]
  4298 | D:4      | Gained mutation: You have sharp fingernails. [potion of
                  | mutation]
  4298 | D:4      | Gained mutation: You sometimes lose your temper in combat.
                  | [potion of mutation]
  4364 | D:5      | Entered Level 5 of the Dungeon
  4529 | D:5      | Gained mutation: You sometimes gain a little power by
                  | taking damage. [demonic ancestry]
  4529 | D:5      | Reached XP level 8. HP: 65/65 MP: 8/8
  4624 | D:5      | Reached skill level 7 in Fighting
  4640 | D:5      | HP: 16/67 [poisoned by a gnoll]
  4643 | D:5      | HP: 6/67 [poisoned by a gnoll]
  4649 | D:5      | Reached skill level 7 in Axes
  4824 | D:5      | Noticed Duvessa
  4826 | D:5      | Noticed Dowan
  4839 | D:5      | Killed Dowan
  4849 | D:5      | Killed Duvessa
  4990 | D:5      | Reached skill level 8 in Fighting
  5029 | D:5      | Found a shadowy altar of Dithmenos.
  5094 | D:5      | Found a runed translucent door.
  5095 | D:5      | Noticed Crazy Yiuf
  5737 | D:6      | Reached skill level 8 in Axes
  5802 | D:6      | Gained mutation: You sometimes gain power by taking damage.
                  | [demonic ancestry]
  5802 | D:6      | Reached XP level 9. HP: 52/75 MP: 9/9
  5819 | D:6      | Identified the +4 rapier "Dragonslayer" {holy, rPois rCorr
                  | Str+3}
  5931 | D:6      | Noticed Maggie
  5938 | D:6      | Paralysed by Maggie for 5 turns
  5951 | D:6      | Killed Maggie
  5952 | D:6      | Reached skill level 9 in Fighting
  5982 | D:6      | Identified a scroll of acquirement
  6008 | D:6      | Noticed Pikel
  6032 | D:6      | Killed Pikel
  6033 | D:6      | Reached skill level 9 in Axes
  6124 | D:6      | Acquired 437 gold pieces
  6136 | D:6      | Bought a glowing war axe for 221 gold pieces
  6222 | D:7      | Found a transporter.
  6295 | D:7      | Identified the +10 hand axe "Saumesut" {flame, rC+ Str+3
                  | SInv}
  6457 | D:7      | Found a transporter.
  6462 | D:7      | Noticed scionoferis's ghost (novice NaWr)
  6548 | D:7      | Reached skill level 10 in Fighting
  6686 | D:7      | Noticed an ancient zyme
  6741 | D:7      | Reached skill level 1 in Shields
  6866 | D:8      | Reached skill level 2 in Shields
  6884 | D:8      | Reached XP level 10. HP: 28/85 MP: 10/10
  6888 | D:8      | Reached skill level 3 in Shields
  6998 | D:8      | Noticed Daxter95's ghost (novice MiBe)
  7001 | D:8      | Found a runed translucent door.
  7001 | D:8      | Noticed Prince Ribbit
  7005 | D:8      | Killed Prince Ribbit
  7060 | D:8      | Found Plog's Armour Boutique.
  7235 | D:8      | Noticed Gastronok
  7255 | D:8      | Killed Gastronok
  7256 | D:8      | Reached skill level 10 in Axes
  7256 | D:8      | Reached skill level 4 in Shields
  7328 | D:9      | Found a staircase to the Lair.
  7371 | D:9      | Found Guus's Armour Emporium.
  7371 | D:9      | Found a staircase to the Orcish Mines.
  7371 | D:9      | Noticed a two-headed ogre
  7373 | D:9      | Found Eteg's Weapon Emporium.
  7392 | D:9      | HP: 18/85 [wight/+2 long sword (4)]
  7393 | D:9      | Reached skill level 11 in Axes
  7393 | D:9      | Killed a two-headed ogre
  7593 | D:9      | Reached skill level 12 in Axes
  7706 | D:9      | Found a flagged portal.
  7789 | Bailey   | Entered a bailey
  7932 | Bailey   | Gained mutation: You are mostly covered in icy blue scales.
                  | (AC +3) [demonic ancestry]
  7932 | Bailey   | Reached XP level 11. HP: 89/89 MP: 11/11
  7954 | Bailey   | Noticed an orc knight
  7965 | Bailey   | Killed an orc knight
  8155 | D:9      | Lost mutation: Your body sometimes deteriorates upon taking
                  | damage. [potion of mutation]
  8155 | D:9      | Lost mutation: You sometimes lose your temper in combat.
                  | [potion of mutation]
  8155 | D:9      | Gained mutation: Your flesh is cold resistant. (rC+)
                  | [potion of mutation]
  8635 | D:10     | Entered Level 10 of the Dungeon
  8705 | D:10     | Noticed Grum
  8725 | D:10     | Killed Grum
  8799 | D:8      | Bought quicksilver dragon scales for 780 gold pieces
  8844 | D:10     | Noticed Snorg
  8856 | D:10     | HP: 16/92 [Snorg (12)]
  8859 | D:10     | HP: 3/92 [Snorg (19)]
  8861 | D:10     | Killed Snorg
  8862 | D:10     | Reached skill level 13 in Axes
  8982 | D:10     | Paralysed by a hornet for 1 turns
  9031 | D:10     | Noticed Erolcha
  9048 | D:10     | Killed Erolcha
  9377 | D:11     | Noticed a five-headed hydra
  9408 | Lair:1   | Entered Level 1 of the Lair of Beasts
  9408 | Lair:1   | Noticed a death yak
  9408 | Lair:1   | Noticed a death yak
  9408 | Lair:1   | Noticed a death yak
  9408 | Lair:1   | Noticed a death yak
  9409 | Lair:1   | Noticed a death yak
  9448 | Lair:1   | Reached skill level 11 in Fighting
  9546 | Lair:1   | Noticed a death yak
  9548 | Lair:1   | Noticed a death yak
  9549 | Lair:1   | HP: 19/93 [death yak (22)]
  9556 | Lair:1   | Killed a death yak
  9561 | Lair:1   | Killed a death yak
  9569 | Lair:1   | Killed a death yak
  9574 | Lair:1   | Killed a death yak
  9582 | Lair:1   | Killed a death yak
  9590 | Lair:1   | Killed a death yak
  9591 | Lair:1   | Reached skill level 12 in Fighting
  9591 | Lair:1   | Reached skill level 14 in Axes
  9591 | Lair:1   | Reached XP level 12. HP: 45/102 MP: 12/12
  9598 | Lair:1   | Killed a death yak
  9886 | Lair:1   | You pick up a book of the Earth and begin reading...
  9886 | Lair:1   | You add the spells Leda's Liquefaction and Lee's Rapid
                  | Deconstruction to your library.
  9903 | Lair:1   | Reached skill level 1 in Armour
 10054 | Lair:1   | Reached skill level 2 in Armour
 10214 | Lair:1   | Reached skill level 13 in Fighting
 10269 | Lair:1   | Reached skill level 3 in Armour
 10580 | Lair:2   | Reached skill level 4 in Armour
 10614 | Lair:2   | Reached skill level 5 in Armour
 10913 | Lair:2   | Found a staircase to the Snake Pit.
 10963 | Lair:2   | Found a staircase to the Swamp.
 11146 | Lair:3   | Reached skill level 14 in Fighting
 11283 | Lair:3   | Reached skill level 6 in Armour
 11304 | Lair:3   | Noticed Urug
 11330 | Lair:3   | Killed Urug
 11331 | Lair:3   | Gained mutation: You are completely covered in icy blue
                  | scales. (AC +4, rC+) [demonic ancestry]
 11331 | Lair:3   | Reached XP level 13. HP: 41/113 MP: 13/13
 11332 | Lair:3   | HP: 25/113 [hell rat (6)]
 11334 | Lair:3   | Noticed Nergalle
 11335 | Lair:3   | HP: 7/114 [komodo dragon (18)]
 11341 | Lair:3   | HP: 24/114 [poisoned by a black mamba]
 11360 | Lair:3   | Killed Nergalle
 11376 | Lair:3   | Found a gate leading to a gauntlet.
 11392 | Gauntlet | Entered a Gauntlet
 11392 | Gauntlet | Found a transporter.
 11392 | Gauntlet | Found a transporter.
 11417 | Gauntlet | Found a transporter.
 11420 | Gauntlet | Found a transporter.
 11424 | Gauntlet | Noticed a reaper
 11435 | Gauntlet | Found a transporter.
 11438 | Gauntlet | Found a transporter.
 11444 | Gauntlet | Found a transporter.
 11452 | Gauntlet | Found a transporter.
 11469 | Gauntlet | Found a transporter.
 11477 | Gauntlet | Found a transporter.
 11494 | Gauntlet | Found a transporter.
 11577 | Gauntlet | Found a transporter.
 11676 | Gauntlet | HP: 19/114 [death scarab (19)]
 11841 | Gauntlet | Reached skill level 7 in Armour
 11929 | Gauntlet | Noticed a minotaur
 11942 | Gauntlet | Killed a minotaur
 12056 | Gauntlet | Identified the ring of Kausog {EV+4 Dex+3}
 12056 | Gauntlet | Identified the +4 mace of Ignis {vamp, rC+ rN+ Str+3}
 12057 | Gauntlet | You pick up a book of Winter and begin reading...
 12673 | Lair:4   | Reached skill level 15 in Fighting
 12692 | Lair:4   | Reached skill level 8 in Armour
 12698 | Lair:4   | HP: 21/115 [death yak (14)]
 12936 | Lair:4   | You pick up a book of Flames and begin reading...
 12936 | Lair:4   | You add the spells Foxfire, Conjure Flame, Inner Flame and
                  | Flame Wave to your library.
 13109 | Lair:4   | Reached skill level 9 in Armour
 13236 | Lair:4   | HP: 25/117 [death yak (13)]
 13552 | Lair:4   | You add the spells Ignite Poison, Mephitic Cloud and
                  | Freezing Cloud to your library.
 13593 | Lair:4   | Reached skill level 16 in Fighting
 13795 | Lair:4   | Found a runed translucent door.
 13795 | Lair:4   | Noticed Kugou's ghost (journeyman DsFi)
 14058 | Lair:5   | Entered Level 5 of the Lair of Beasts
 14077 | Lair:5   | Gained mutation: You have a pair of large antennae on your
                  | head. (SInv) [demonic ancestry]
 14077 | Lair:5   | Reached XP level 14. HP: 77/125 MP: 14/14
 14254 | Lair:5   | Reached skill level 10 in Armour
 14934 | Lair:5   | Found a staircase to the Slime Pits.
 14966 | Lair:5   | Reached skill level 11 in Armour
 14978 | Lair:5   | Reached skill level 17 in Fighting
 15300 | Orc:1    | Entered Level 1 of the Orcish Mines
 15646 | Orc:2    | Entered Level 2 of the Orcish Mines
 15646 | Orc:2    | Found Duciowomp's Antique Weapon Shop.
 15688 | Orc:2    | HP: 3/128 [orc knight/+0 dire flail (35)]
 15906 | Orc:2    | Noticed an orc warlord
 15913 | Orc:2    | Noticed a ghost moth
 15913 | Orc:2    | an orc warlord changed into a ghost moth
 15925 | Orc:2    | Killed a ghost moth
 16075 | Orc:2    | Found Wawuf's Antique Armour Boutique.
 16106 | Orc:2    | Found a staircase to the Elven Halls.
 16107 | Orc:2    | Found Japp's General Store.
 16540 | Orc:2    | Bought a potion of heal wounds for 80 gold pieces
 16540 | Orc:2    | Bought a scroll of fear for 64 gold pieces
 16540 | Orc:2    | Bought a scroll of teleportation for 48 gold pieces
 16655 | Orc:2    | Found Penasir's Jewellery Shoppe.
 16943 | Orc:2    | Bought a runed kite shield for 277 gold pieces
 17130 | Swamp:1  | Entered Level 1 of the Swamp
 17145 | Swamp:1  | Reached skill level 12 in Armour
 17238 | Swamp:1  | HP: 29/121 [spectral death drake[a ghost crab] (6)]
 17433 | Swamp:1  | Gained mutation: A demonic guardian rushes to your aid.
                  | [demonic ancestry]
 17433 | Swamp:1  | Reached XP level 15. HP: 87/131 MP: 15/15
 17815 | D:11     | You pick up a book of Spectacle and begin reading...
 17815 | D:11     | You add the spells Dazzling Flash, Iskenderun's Mystic
                  | Blast and Starburst to your library.
 18314 | D:12     | Noticed Frances
 18326 | D:12     | Killed Frances
 18327 | D:12     | Reached skill level 18 in Fighting
 18779 | D:12     | Noticed Azrael
 18799 | D:12     | Killed Azrael
 18837 | D:12     | You pick up a book of the Senses and begin reading...
 18837 | D:12     | You add the spells Agony and Silence to your library.
 18930 | D:12     | Noticed Rupert
 18944 | D:12     | Paralysed by Rupert for 2 turns
 18953 | D:12     | Killed Rupert
 18954 | D:12     | Reached skill level 13 in Armour
 19445 | D:13     | Noticed Maurice
 19455 | D:13     | Killed Maurice
 19664 | D:13     | Reached skill level 5 in Shields
 19886 | D:13     | Noticed Lodul
 19903 | D:13     | Killed Lodul
 20007 | D:13     | You fall into a shaft and drop 2 floors!
 20007 | D:15     | Entered Level 15 of the Dungeon
 20007 | D:15     | Found a radiant altar of Vehumet.
 20041 | D:14     | Found a gate to the Vaults.
 20417 | D:14     | Reached skill level 6 in Shields
 20970 | D:14     | Reached skill level 7 in Shields
 21247 | D:14     | Reached skill level 14 in Armour
 21452 | D:15     | You pick up a book of the Wilderness and begin reading...
 21452 | D:15     | You add the spells Summon Forest, Summon Mana Viper and
                  | Summon Cactus Giant to your library.
 21492 | D:15     | Found a staircase to the Depths.
 21508 | D:15     | HP: 33/136 [ettin/+2 dire flail of protection (21)]
 21795 | D:15     | Reached skill level 8 in Shields
 21795 | D:15     | Gained mutation: You punish those that try to bend your
                  | will. (Will+) [demonic ancestry]
 21795 | D:15     | Reached XP level 16. HP: 120/143 MP: 16/16
 22100 | D:15     | Found Paeg's General Store.
 22832 | Swamp:1  | HP: 31/143 [will-o-the-wisp/foxfire (11)]
 22838 | Swamp:1  | HP: 34/143 [swamp dragon (2)]
 22840 | Swamp:1  | Reached skill level 9 in Shields
 22840 | Swamp:1  | HP: 10/143 [spore (22)]
 22852 | Swamp:1  | HP: 18/143 [swamp worm/harpoon shot (6)]
 22855 | Swamp:1  | HP: 7/143 [swamp worm (13)]
 23159 | Swamp:1  | You pick up a book of Dreams and begin reading...
 23159 | Swamp:1  | You add the spells Ensorcelled Hibernation, Spider Form and
                  | Anguish to your library.
 23460 | Swamp:2  | Identified Roxanne's Cyclopedia of Silt
 23460 | Swamp:2  | Noticed Roxanne
 23506 | Swamp:2  | Killed Roxanne
 23507 | Swamp:2  | Reached skill level 15 in Armour
 23508 | Swamp:2  | You add the spells Sandblast, Stone Arrow, Animate Armour
                  | and Borgnjor's Vile Clutch to your library.
 23602 | Swamp:2  | Acquired the +0 pair of gloves of Pisorayc {rElec Int+5}
 24551 | Swamp:3  | Reached skill level 10 in Shields
 24569 | Swamp:3  | HP: 34/143 [spriggan rider/+0 spear (11)]
 24577 | Swamp:3  | HP: 31/143 [ghost crab] (9)]
 24816 | Swamp:3  | Reached skill level 3 in Dodging
 24907 | Swamp:3  | HP: 31/143 [spriggan rider/+0 spear (14)]
 24912 | Swamp:3  | HP: 28/143 [alligator (10)]
 24919 | Swamp:3  | HP: 29/214 [bunyip (10)]
 24919 | Swamp:3  | HP: 14/214 [bunyip (15)]
 24929 | Swamp:3  | HP: 53/214 [spriggan rider/+0 spear (8)]
 24937 | Swamp:3  | Reached skill level 4 in Dodging
 25068 | Swamp:3  | You pick up a book of the Hunter and begin reading...
 25068 | Swamp:3  | You add the spells Call Canine Familiar and Portal
                  | Projectile to your library.
 25288 | Swamp:3  | Reached skill level 16 in Armour
 25574 | Swamp:4  | Entered Level 4 of the Swamp
 25586 | Swamp:4  | Noticed a tentacled monstrosity
 25617 | Swamp:4  | Killed a tentacled monstrosity
 25618 | Swamp:4  | Reached skill level 5 in Dodging
 25938 | Swamp:4  | Reached skill level 6 in Dodging
 25955 | Swamp:4  | Gained mutation: A powerful demonic guardian rushes to your
                  | aid. [demonic ancestry]
 25955 | Swamp:4  | Reached XP level 17. HP: 45/149 MP: 17/17
 25955 | Swamp:4  | HP: 36/149 [swamp dragon[a spriggan druid] (10)]
 25956 | Swamp:4  | HP: 15/149 [alligator[a spriggan druid] (8)]
 25958 | Swamp:4  | Mangled by an alligator

Vanquished Creatures
  A tentacled monstrosity (Swamp:4)
  Rupert (D:12)
  Frances (D:12)
  Gastronok (D:8)
  Roxanne (Swamp:2)
  A fenstrider witch (Swamp:1)
  A ghost moth (Orc:2)
  4 eleionomae
  A minotaur (Gauntlet)
  2 bunyips (Swamp:3)
  Azrael (D:12)
  An ettin (D:15)
  Erolcha (D:10)
  A shambling mangrove (Swamp:3)
  7 vault guards (D:14)
  16 hydras
  3 ghost crabs
  A boulder beetle (D:13)
  10 alligators
  A centaur warrior (D:13)
  A two-headed ogre (D:9)
  A death scarab (Gauntlet)
  3 orc high priests (Orc:2)
  3 tengu warriors
  20 death yaks
  Nergalle (Lair:3)
  Urug (Lair:3)
  2 soul eaters (Gauntlet)
  2 skeletal warriors (D:15)
  4 spriggan druids
  Lodul (D:13)
  2 goliath frogs
  A steelbarb worm (shapeshifter) (D:13)
  3 swamp dragons
  2 deep trolls (D:15)
  A bog body (Swamp:3)
  3 wizards (D:15)
  Pikel (D:6)
  10 orc knights
  2 lindwurms
  A deep elf pyromancer (D:14)
  2 wolf spiders (Lair:5)
  4 will-o-the-wisps
  A spectral boulder beetle (Gauntlet)
  An orc sorcerer (Orc:2)
  4 cyclopes
  15 ugly things
  Maurice (D:13)
  15 elephants
  6 black mambas
  A torpor snail (Lair:1)
  15 cane toads
  Maggie (D:6)
  A gargoyle (D:14)
  9 yaktaurs
  A kobold demonologist (D:14)
  7 komodo dragons
  An efreet (D:11)
  6 rime drakes
  13 tyrant leeches
  A tarantella (shapeshifter) (D:13)
  7 polar bears
  13 hornets
  7 blink frogs
  Prince Ribbit (D:8)
  6 trolls
  17 slime creatures
  4 dream sheep
  8 wyverns
  21 spriggans
  37 yaks
  A vampire (D:9)
  A wraith (D:13)
  3 fire elementals (D:12)
  9 basilisks
  A fire bat (shapeshifter) (D:13)
  2 steam dragons
  Grum (D:10)
  9 vampire mosquitoes
  2 wargs (Orc:2)
  3 acid dragons
  11 swamp worms
  Duvessa (D:5)
  10 water moccasins
  4 nagas (Lair:2)
  3 hell hounds
  41 orc warriors
  A sky beast (D:4)
  5 swamp drakes
  4 ice beasts
  2 black bears
  20 ogres
  12 wolves
  3 centaurs
  4 lemures (D:6)
  A phantom (D:5)
  9 bullfrogs
  3 kobold brigands
  2 gnoll sergeants
  A necrophage (D:6)
  2 scorpions
  4 wights (D:9)
  Dowan (D:5)
  7 howler monkeys
  2 gnoll boudas
  3 jellies
  16 orc priests
  4 hounds
  4 iguanas
  20 orc wizards
  Natasha (D:3)
  8 hell rats
  29 gnolls
  5 adders
  7 river rats (Lair:2)
  12 shadow imps
  A white imp (D:7)
  A worm (D:2)
  103 orcs
  3 bats
  5 endoplasms
  3 giant cockroaches
  7 goblins
  7 hobgoblins
  2 jackals (D:1)
  18 kobolds
  7 quokkas
  5 ball pythons
  6 frilled lizards
  9 rats
818 creatures vanquished.

Vanquished Creatures (collateral kills)
  A bunyip (Swamp:4)
  Snorg (D:10)
  A vault guard (D:14)
  A hydra (D:14)
  3 skeletal warriors (D:15)
  A spriggan druid (Swamp:2)
  3 ugly things (D:15)
  A troll (D:12)
  3 hornets (Swamp:3)
  2 slime creatures (D:11)
  A spriggan (Lair:1)
  3 orc warriors
  An ogre (Orc:2)
  A scorpion (D:6)
  2 orc wizards (D:8)
  An orc (D:8)
26 creatures vanquished.

Vanquished Creatures (others)
  A hydra (Swamp:1)
  A goliath frog (Swamp:4)
  A bog body (Swamp:1)
  3 bloated husks
  A hornet (Swamp:3)
  A spriggan (Swamp:3)
  A swamp worm (Swamp:4)
  An orc (Orc:2)
  14 foxfires
  28 fungi
  29 plants
81 creatures vanquished.

Grand Total: 925 creatures vanquished

Table legend:
 A = Non-vault XP
 B = Vault XP
 C = Vault XP percentage of total XP
 D = Non-vault monster count
 E = Vault monster count
 F = Vault count percentage of total count
                 A         B        C        D         E       F
            +---------+---------+-------+---------+---------+-------
      Total |  147600 |   68608 |  31.7 |     615 |     230 |  27.2
            +---------+---------+-------+---------+---------+-------
        D:1 |      37 |      10 |  21.3 |      21 |       6 |  22.2
        D:2 |      30 |       7 |  18.9 |      11 |       2 |  15.4
        D:3 |     394 |      35 |   8.2 |      31 |       1 |   3.1
        D:4 |     615 |       0 |   0.0 |      25 |       0 |   0.0
        D:5 |    1102 |     222 |  16.8 |      24 |       2 |   7.7
        D:6 |     684 |    1077 |  61.2 |      14 |       2 |  12.5
        D:7 |     548 |     147 |  21.2 |      16 |       5 |  23.8
        D:8 |     867 |    1810 |  67.6 |      23 |       2 |   8.0
        D:9 |    3482 |     289 |   7.7 |      31 |       7 |  18.4
       D:10 |    1518 |    2474 |  62.0 |      15 |       7 |  31.8
       D:11 |    2331 |    1162 |  33.3 |      23 |       3 |  11.5
       D:12 |    4233 |    7121 |  62.7 |      14 |      33 |  70.2
       D:13 |    5783 |    2304 |  28.5 |      16 |      11 |  40.7
       D:14 |    8421 |    6982 |  45.3 |      18 |       8 |  30.8
       D:15 |   16291 |    4457 |  21.5 |      36 |       6 |  14.3
     Lair:1 |   10242 |    1294 |  11.2 |      27 |       6 |  18.2
     Lair:2 |    3053 |    2161 |  41.4 |      14 |      19 |  57.6
     Lair:3 |    6079 |    3513 |  36.6 |      26 |      10 |  27.8
     Lair:4 |   11522 |    5053 |  30.5 |      27 |      11 |  28.9
     Lair:5 |   10659 |    9907 |  48.2 |      34 |      21 |  38.2
    Swamp:1 |   13197 |       0 |   0.0 |      28 |       0 |   0.0
    Swamp:2 |   10396 |    1319 |  11.3 |      26 |       1 |   3.7
    Swamp:3 |   21515 |       0 |   0.0 |      39 |       0 |   0.0
    Swamp:4 |    8253 |    3714 |  31.0 |      16 |       6 |  27.3
      Orc:1 |    1460 |       0 |   0.0 |      28 |       0 |   0.0
      Orc:2 |    4632 |    8462 |  64.6 |      31 |      27 |  46.6
     Bailey |       0 |     821 | 100.0 |       0 |      20 | 100.0
   Gauntlet |     256 |    4267 |  94.3 |       1 |      14 |  93.3
            +---------+---------+-------+---------+---------+-------

Illustrated notes

Table legend:
 A = Kills in this place as a percentage of kills in entire the game.
 B = Kills by you in this place as a percentage of kills by you in the entire game.
 C = Kills by friends in this place as a percentage of kills by friends in the entire game.
 D = Other kills in this place as a percentage of other kills in the entire game.
 E = Experience gained in this place as a percentage of experience gained in the entire game.
 F = Experience gained in this place divided by the number of levels of this place that you have seen.
                   A       B       C       D       E      F
               +-------+-------+-------+-------+-------+----------------------
         Total | 100.0 | 100.0 | 100.0 | 100.0 | 100.0 | 7455.4
       Dungeon |  48.9 |  48.8 |  61.5 |   0.0 |  34.4 | 4962.2
          Lair |  23.1 |  23.8 |   3.8 |   0.0 |  29.4 | 12696.6
         Swamp |  13.7 |  13.0 |  19.2 | 100.0 |  27.0 | 14598.5
  Orcish Mines |  10.2 |  10.1 |  15.4 |   0.0 |   6.7 | 7277.0
        Bailey |   2.4 |   2.5 |   0.0 |   0.0 |   0.4 | 821.0
      Gauntlet |   1.8 |   1.8 |   0.0 |   0.0 |   2.1 | 4523.0
               +-------+-------+-------+-------+-------+----------------------

Table legend: (Time is in decaauts)
 A = Elapsed time spent in this place.
 B = Non-inter-level travel time spent in this place.
 C = Inter-level travel time spent in this place.
 D = Time resting spent in this place.
 E = Time spent auto-exploring this place.
 F = Levels seen in this place.
 G = Mean time per level.
                   A        B        C        D        E       F      G
               +--------+--------+--------+--------+--------+-----+--------+
         Total |  25561 |  24294 |   1267 |   1647 |  16506 |  29 |  881.4 |
       Dungeon |  13833 |  13079 |    754 |    723 |   9137 |  15 |  922.2 |
        Temple |    222 |    214 |      8 |      0 |    163 |   1 |  222.0 |
          Lair |   5261 |   4915 |    346 |    242 |   3540 |   5 | 1052.2 |
         Swamp |   3586 |   3492 |     94 |    495 |   2164 |   4 |  896.5 |
  Orcish Mines |   1658 |   1594 |     64 |     72 |   1083 |   2 |  829.0 |
        Bailey |    346 |    346 |      0 |     25 |    183 |   1 |  346.0 |
      Gauntlet |    653 |    653 |      0 |     89 |    233 |   1 |  653.0 |
               +--------+--------+--------+--------+--------+-----+--------+

Top non-repeatable levels by time:
     D:1: 1798 daAuts
  Lair:4: 1329 daAuts
     D:5: 1283 daAuts
   Orc:2: 1256 daAuts
 Swamp:3: 1143 daAuts
 Swamp:2: 1124 daAuts
  Lair:1: 1116 daAuts
     D:9: 1095 daAuts
    D:13: 1050 daAuts
  Lair:5: 1024 daAuts
     D:2: 1013 daAuts
    D:14: 991 daAuts
    D:12: 943 daAuts
 Swamp:1: 943 daAuts
  Lair:2: 921 daAuts
